Map: Dusk Towers

Players

SticklerMac

  • Race: Zerg Zerg
  • League: Platinum

modus - Winner!

  • Race: Zerg Zerg
  • League: Platinum

VOD

Have the link to the VOD?

Description

Time

  • Played on: Nov. 15, 2015, 8:41 p.m.
  • Length: 11:09
Show
View Real Time Build Order
Export as new Build Order

SticklerMac Zerg 

Build Orders: Hatch First, Zergling Baneling 

Get SALT Encoding   

  12  0:01  Drone  
  13  0:13  Overlord  
  13  0:17  Drone  
  14  0:31  Drone x2  
  14  0:35  Drone  
  17  0:53  Hatchery  
  17  0:56  Drone  
  17  1:00  Drone  
  18  1:04  Extractor  
  18  1:07  Drone  
  18  1:19  Spawning Pool  
  18  1:23  Drone  
  18  1:31  Drone  
  19  1:40  Overlord  
  19  1:52  Drone  
  20  2:05  Drone  
  20  2:06  Metabolic Boost  
  20  2:07  Queen  
  23  2:12  Drone  
  26  2:16  Drone  
  26  2:22  Drone  
  28  2:27  Baneling Nest, Drone  
  26  2:38  Drone  
  26  2:39  Drone  
  26  2:44  Drone  
  29  2:50  Drone  
  30  2:52  Hatchery  
  30  2:55  Queen  
  30  2:57  Drone  
  32  3:00  Zergling x2  
  33  3:08  Zergling x2  
  33  3:15  Zergling x2  
  34  3:21  Zergling x4  
  36  3:28  Overlord x2  
  36  3:38  Overlord  
  36  3:39  Overlord  
  36  3:45  Queen x2  
  36  3:46  Drone x2  
  36  3:48  Drone  
  43  3:50  Zergling x2  
  43  3:51  Zergling x2  
  45  4:00  Zergling x4  
  47  4:09  Queen  
  49  4:22  Zergling x14  
  49  4:23  Zergling x6  
  59  4:24  Zergling x2  
  59  4:27  Baneling x2  
  59  4:28  Baneling  
  59  4:29  Baneling x2  
  59  4:30  Baneling  
  60  4:31  Baneling  
  60  4:32  Baneling  
  60  4:33  Baneling  
  60  4:34  Baneling  
  60  4:37  Baneling x3  
  60  4:38  Baneling  
  60  4:43  Baneling  
  60  4:45  Zergling x6  
  61  5:09  Zergling x8  
  61  5:10  Zergling x10  
  59  5:21  Zergling x2  
  59  5:22  Zergling x4  
  59  5:27  Zergling x2  
  56  5:29  Zergling x2  
  56  5:34  Zergling x2  
  55  5:50  Hatchery  
  54  5:58  Extractor  
  53  6:09  Drone x4, Extractor  
  56  6:17  Zergling x2  
  56  6:18  Zergling x26  
  70  7:14  Roach Warren  
  69  7:17  Zergling x22  
  65  7:31  Zergling x20  
  65  7:32  Zergling x18  
  70  7:41  Zergling x2  
  70  7:42  Zergling x2  
  62  7:45  Zergling x10  
  60  7:57  Roach  
  60  7:58  Roach x9  
  77  8:03  Roach  
  67  8:10  Roach x3  
  69  8:18  Queen  
  71  8:22  Drone  
  71  8:23  Drone x3  
  75  8:29  Roach x2  
  79  8:55  Zergling x2  
  79  8:57  Overlord x4  
  79  8:58  Overlord  
  79  9:15  Spore Crawler  
  78  9:18  Spore Crawler x2  
  78  9:20  Spore Crawler  
  78  9:22  Spore Crawler, Roach x7  
  88  9:26  Overlord  
  88  9:40  Overlord  
  88  9:41  Overlord x2  
  82  9:57  Lair  
  63  10:12  Drone x2  
  63  10:13  Drone x7  
  63  10:14  Drone  
  73  10:19  Queen  
  73  10:20  Queen  
  43  10:47  Roach x7  
  43  10:48  Roach  
Show
View Real Time Build Order
Export as new Build Order

modus Zerg - Winner!

Build Orders: Hatch First, Zergling Baneling 

Get SALT Encoding   

  12  0:01  Drone  
  13  0:09  Drone  
  14  0:17  Overlord  
  14  0:37  Drone  
  15  0:46  Hatchery  
  14  0:54  Drone x2  
  14  0:56  Drone  
  17  1:13  Spawning Pool  
  17  1:15  Drone  
  17  1:18  Drone  
  18  1:27  Drone  
  18  1:31  Extractor  
  18  1:38  Drone  
  19  1:52  Drone  
  20  2:00  Drone  
  21  2:01  Queen  
  21  2:03  Zergling x2  
  24  2:11  Drone x2  
  26  2:27  Overlord  
  26  2:28  Drone  
  27  2:32  Baneling Nest  
  27  2:33  Queen  
  28  2:40  Overlord  
  28  2:42  Overlord  
  28  2:57  Overlord  
  28  2:59  Drone x2  
  28  3:00  Drone  
  30  3:25  Drone x3  
  30  3:26  Drone x3  
  36  3:33  Metabolic Boost  
  36  3:37  Evolution Chamber  
  35  3:46  Overlord  
  35  3:48  Roach Warren, Drone x3  
  37  3:57  Zergling x4  
  37  3:58  Zergling x6  
  42  4:05  Zerg Ground Armor Level 1  
  42  4:07  Zergling x4  
  42  4:08  Zergling x4  
  46  4:16  Extractor  
  45  4:19  Drone x2  
  45  4:21  Extractor  
  45  4:22  Extractor  
  45  4:26  Baneling x2  
  45  4:27  Baneling x2  
  45  4:38  Drone x3  
  45  4:39  Drone  
  45  4:45  Drone x3  
  52  4:48  Roach x2  
  56  4:55  Baneling x2  
  56  4:59  Baneling x2  
  54  5:08  Roach x5  
  57  5:42  Drone x3  
  60  5:44  Roach x4  
  60  5:46  Overlord x2  
  60  5:47  Lair  
  68  5:51  Hatchery  
  67  6:06  Drone x3  
  67  6:08  Zerg Missile Weapons Level 1  
  70  6:17  Zergling x12  
  70  6:18  Zergling x4  
  78  6:39  Overlord  
  78  6:40  Overlord  
  78  6:41  Zergling x10  
  78  6:42  Zergling x2  
  84  6:52  Baneling x6  
  84  6:53  Baneling  
  84  6:56  Overlord  
  84  6:57  Overlord  
  84  7:00  Spire  
  83  7:03  Zergling x4  
  83  7:04  Zergling x4  
  79  7:41  Zergling x20  
  86  7:59  Zergling x2  
  86  8:00  Zergling x12  
  67  8:13  Baneling x3  
  65  8:22  Mutalisk x6  
  65  8:24  Zerg Flyer Weapons Level 1  
  73  8:42  Baneling x3  
  73  8:43  Extractor  
  73  8:44  Spine Crawler  
  73  8:46  Extractor  
  65  8:57  Mutalisk x4, Baneling x2  
  65  8:58  Mutalisk x5  
  83  9:09  Spine Crawler  
  82  9:16  Roach x9  
  99  9:30  Mutalisk  
  90  10:00  Zergling x2  
  90  10:01  Zergling x24  
  90  10:06  Drone  
  93  10:51  Zergling x2  
  93  10:52  Zergling x18  
Tags
 
Add a new tag
Caveats
  • Supply blocks, unpowered buildings, or Contaminate may cause inaccurate times.
  • Supply counts are checked every 10 seconds.